 Dungeon Crawl Stone Soup version 0.19-a0-812-g33f3bc8 (webtiles) character file.

1443 Implojin the Cleaver (level 8, -1/70 HPs)
             Began as a Minotaur Berserker on June 28, 2016.
             Was a Believer of Trog.
             Slain by Erica
             ... wielding a +3 scimitar of flaming
              (3 damage)
             ... on level 8 of the Dungeon.
             The game lasted 00:10:51 (1449 turns).

Implojin the Cleaver (Minotaur Berserker)           Turns: 1449, Time: 00:10:52

Health: -1/70      AC:  8    Str: 26    XL:     8   Next: 46%
Magic:  7/7        EV:  6    Int:  4    God:    Trog [**....]
Gold:   5          SH:  0    Dex: 11    Spells: 0 memorised, 7 levels left

rFire  + . .     SeeInvis .     k - +1 hand axe (elec)
rCold  . . .     Gourm    .     y - +3 ring mail {rF+}
rNeg   . . .     Faith    .     (no shield)
rPois  .         Spirit   .     (helmet restricted)
rElec  .         Dismiss  .     (no cloak)
rCorr  .         Reflect  .     (no gloves)
SustAt .         Harm     .     (no boots)
MR     ++...                    (no amulet)
Stlth  +.........               (no ring)
                                z - +3 ring of strength

@: lethally poisoned (-1 -> -1), exhausted, regenerating, slowed, very slow,
very resistant to hostile enchantments, very unstealthy
A: retaliatory headbutt, horns 2
a: Berserk, Trog's Hand, Burn Spellbooks, Renounce Religion


You were on level 8 of the Dungeon.
You worshipped Trog.
Trog was pleased with you.
You were very hungry.

You visited 1 branch of the dungeon, and saw 9 of its levels.

You collected 100 gold pieces.
You spent 95 gold pieces at shops.

Inventory:

Hand Weapons
 a - a +0 hand axe
 k - a +1 hand axe of electrocution (weapon)
Missiles
 u - 6 poisoned tomahawks (quivered)
Armour
 b - a +0 animal skin
 l - a +1 leather armour of poison resistance
 m - a +0 chain mail
 t - a +0 plate armour
 y - a +3 ring mail of fire resistance (worn)
Jewellery
 z - a +3 ring of strength (left hand)
Wands
 n - a wand of flame (0/48)
Scrolls
 j - a scroll of fog {unknown}
 r - a scroll of amnesia {unknown}
 s - 2 scrolls of enchant armour
 v - a scroll of remove curse
 w - a scroll of fear {unknown}
 x - 2 scrolls of random uselessness
Potions
 e - a potion of ambrosia
 f - a potion of resistance {unknown}
 i - a potion of brilliance {unknown}
 o - a potion of agility {unknown}
 p - 2 potions of might {unknown}
 q - a potion of magic {unknown}
Comestibles
 c - 3 bread rations


   Skills:
 * Level 6.2 Fighting
 - Level 11.8 Axes
 - Level 2.4 Armour
 - Level 2.1 Dodging


You had 7 spell levels left.
You didn't know any spells.

Dungeon Overview and Level Annotations

Branches:
Dungeon (9/15)
 Temple: D:4-7         Lair: D:8-11         Orc: D:9-12

Altars:
Cheibriados
Pakellas

Shops:
D:8 =?

Annotations:
D:2 exclusion: upstairs
D:8 Erica


Innate Abilities, Weirdness & Mutations

You reflexively headbutt those who attack you in melee.
You have a pair of horns on your head.


Message History

An orb of energy appears from out of thin air!
The orb of energy hits you!
* * * LOW HITPOINT WARNING * * *
You feel much better.
You feel less confused.
You feel sick. Something hits you!
* * * LOW HITPOINT WARNING * * *
Unknown command.
Okay, then.
Okay, then.
It was a potion of curing.
You feel better. Something hits you.
* * * LOW HITPOINT WARNING * * *
Okay, then.
Okay, then.
Okay, then.
Your skin crawls.
You feel resistant to hostile enchantments.
You are feeling very hungry.
Something hits you.
* * * LOW HITPOINT WARNING * * *
Something burns you.
* * * LOW HITPOINT WARNING * * *
You hear some strange, mumbled words.
An orb of energy appears from out of thin air!
The orb of energy hits you!
* * * LOW HITPOINT WARNING * * *
The orb of energy explodes!
Unknown command.
You feel better. Something hits you.
* * * LOW HITPOINT WARNING * * *
Okay, then.
Okay, then.
You hear some strange, mumbled words.
A bolt of poison appears from out of thin air!
The bolt of poison hits you!
You are poisoned.
* * * LOW HITPOINT WARNING * * *
There is a stone staircase leading down here.
You feel sick. Something hits you.
You die...

######..../ ##........#
#..∩......# #.#......
#.........# .#......
#.........# ....._..
#.........# #......
#.#####'##.$[.# #......
####'#####.## ...# ....
#........#@.+ ..+..####.##
#........#### .#.........
#........# ###.##.#.#
#........# #.##.#..
#........# #.##.#..
#........# #.##.#..
###......###########.##'#..
#......'))......##.......
#......########.##.......


There were no monsters in sight!

Vanquished Creatures
  Prince Ribbit (D:8)
  A hungry ghost (D:7)
  An ice beast (D:5)
  3 orc warriors
  A necrophage (D:7)
  A wasp (D:8)
  A crocodile (D:7)
  An ogre (D:8)
  A giant frog (D:8)
  2 scorpions
  A crimson imp (D:7)
  A hound (D:7)
  An orc wizard (D:7)
  A worker ant (D:8)
  A hound skeleton (D:8)
  6 adders
  An adder skeleton (D:7)
  3 worms (D:2)
  A dart slug (D:2)
  14 orcs
  A ball python (D:2)
  A giant cockroach (D:6)
  5 goblins
  2 hobgoblins
  6 jackals
  2 quokkas
  A giant newt (D:2)
  4 kobolds
  6 rats
71 creatures vanquished.

Notes
Turn   | Place    | Note
--------------------------------------------------------------
     0 | D:1      | Implojin the Minotaur Berserker began the quest for the Orb.
     0 | D:1      | Reached XP level 1. HP: 19/19 MP: 0/0
    32 | D:1      | Reached skill level 4 in Axes
    53 | D:2      | Reached XP level 2. HP: 12/26 MP: 1/1
   171 | D:1      | You fall through a shaft!
   236 | D:2      | Reached skill level 5 in Axes
   272 | D:2      | Reached XP level 3. HP: 28/31 MP: 2/2
   361 | D:2      | Reached ** piety under Trog
   434 | D:5      | Entered Level 5 of the Dungeon
   449 | D:5      | Noticed an ice beast
   458 | D:5      | Killed an ice beast
   458 | D:5      | Reached skill level 7 in Axes
   458 | D:5      | Reached XP level 4. HP: 13/39 MP: 3/3
   458 | D:5      | Reached XP level 5. HP: 15/45 MP: 4/4
   517 | D:5      | Found an oddly glowing altar of Pakellas.
   540 | D:6      | Found an oddly glowing altar of Pakellas.
   648 | D:7      | Noticed a crocodile
   656 | D:7      | Killed a crocodile
   656 | D:7      | Reached skill level 8 in Axes
   660 | D:7      | Reached XP level 6. HP: 51/51 MP: 5/5
   749 | D:7      | Noticed an orc warrior
   757 | D:7      | Killed an orc warrior
   757 | D:7      | Reached skill level 9 in Axes
   841 | D:7      | Noticed a hungry ghost
   856 | D:7      | Killed a hungry ghost
   856 | D:7      | Reached skill level 10 in Axes
   856 | D:7      | Reached XP level 7. HP: 55/57 MP: 6/6
   996 | D:8      | Reached skill level 11 in Axes
  1003 | D:8      | Reached XP level 8. HP: 18/64 MP: 7/7
  1122 | D:8      | Found a snail-covered altar of Cheibriados.
  1133 | D:8      | Found Paafol's Magic Scroll Shoppe.
  1145 | D:8      | Bought a scroll of identify for 20 gold pieces
  1145 | D:8      | Bought a scroll of enchant armour for 75 gold pieces
  1162 | D:8      | Noticed Prince Ribbit
  1181 | D:8      | Killed Prince Ribbit
  1181 | D:8      | Reached skill level 5 in Fighting
  1232 | D:8      | Reached skill level 6 in Fighting
  1234 | D:8      | Reached *** piety under Trog
  1269 | D:8      | Found Wuxeicim's Jewellery Emporium.
  1283 | D:8      | Noticed Erica
  1448 | D:8      | HP: 2/70 [something/bolt of poison (11)]
  1449 | D:8      | Slain by Erica

Vault maps used:
D:1:      onia_arrival_mini_spirals
D:2:      first_bread, grunt_gozag_statues
D:3:      guppyfry_early_lair_pool
D:4:      grunt_temple_overflow_gold_and_silver, serial_glass, glass_columns_a,
          glass_columns_a, glass_columns_a, glass_columns_c, glass_columns_b,
          item_on_display_a, due_unseen_surprise, feat_on_display,
          uniq_eustachio
D:5:      johnstein_pakellas_death_squad, nicolae_overflow_hidden_temple
D:6:      basic_altar, nicolae_underground_beach, uniq_duvessa
D:8:      vehumet_statue, old_standard_altar, serial_shops,
          nicolae_shop_waterfront, shop_statue, kennysheep_little_box,
          shop_scrolls, shop, the_bakery, uniq_prince_ribbit1, uniq_erica
D:9:      kennysheep_mini_moat, kennysheep_mini, dpeg_lair_monsters,
          orc_0_dummy, uniq_maurice

Skill      XL: |  1  2  3  4  5  6  7  8 |
---------------+-------------------------+-----
Axes           | 4 5 7 8 10 11 | 11.8
Fighting       | 6 |  6.2
Armour         | |  2.4
Dodging        | |  2.1

Action                   |  1- 3 |  4- 6 |  7- 9 || total
-------------------------+-------+-------+-------++-------
Melee: Hand axe          |    77 |    47 |    60 ||   184
       Headbutt          |     7 |     8 |    10 ||    25
Invok: Berserk           |     2 |     2 |     4 ||     8
       Trog's Hand       |       |       |     3 ||     3
  Use: Potion            |       |     1 |     4 ||     5
       Scroll            |       |       |     3 ||     3
 Stab: Sleeping          |     1 |       |       ||     1
  Eat: Chunk             |       |     2 |     7 ||     9
       Fruit             |       |     2 |     1 ||     3
Armor: Animal skin       |    12 |       |       ||    12
       Leather armour    |       |     5 |       ||     5
       Plate armour      |       |    10 |    10 ||    20
       Ring mail         |       |       |     1 ||     1
Dodge: Dodged            |    37 |    20 |    15 ||    72

Table legend:
 A = Turns spent in this place as a percentage of turns spent in the entire game.
 B = Non-inter-level travel turns spent in this place as a percentage of non-inter-level travel turns spent in the entire game.
 C = Inter-level travel turns spent in this place as a percentage of turns spent in this place.
 D = Turns resting spent in this place as a percentage of non-inter-level travel turns spent in this place.
 E = Turns spent auto-exploring this place as a percentage of non-inter-level travel turns spent in this place.
 F = Non-inter-level travel turns spent in this place divided by the number of levels of this place that you've seen.
                   A       B       C       D       E      F
               +-------+-------+-------+-------+-------+----------------------
         Total | 100.0 | 100.0 |   0.0 |   1.1 |   0.0 | 129.0
       Dungeon | 100.0 | 100.0 |   0.0 |   1.1 |   0.0 | 129.0
               +-------+-------+-------+-------+-------+----------------------

Table legend:
 A = Kills in this place as a percentage of kills in entire the game.
 B = Kills by you in this place as a percentage of kills by you in the entire game.
 C = Kills by friends in this place as a percentage of kills by friends in the entire game.
 D = Other kills in this place as a percentage of other kills in the entire game.
 E = Experience gained in this place as a percentage of experience gained in the entire game.
 F = Experience gained in this place divided by the number of levels of this place that you have seen.
                   A       B       C       D       E      F
               +-------+-------+-------+-------+-------+----------------------
         Total | 100.0 | 100.0 |  -nan |  -nan | 100.0 | 229.1
       Dungeon | 100.0 | 100.0 |  -nan |  -nan | 100.0 | 229.1
               +-------+-------+-------+-------+-------+----------------------
